 Dungeon Crawl Stone Soup version 0.19-a0-1886-gd64a0f0 (webtiles) character file.

949310 azazello the Conqueror (level 27, -3/271 (273) HPs)
             Began as a Minotaur Fighter on Oct 6, 2016.
             Was the Champion of Okawaru.
             Killed from afar by a hellion (27 damage)
             ... with damnation
             ... on level 6 of the Iron City of Dis on Oct 15, 2016.
             The game lasted 13:03:43 (69046 turns).

azazello the Conqueror (Minotaur Fighter)          Turns: 69046, Time: 13:03:43

HP:   -3/271 (273)  AC: 44    Str: 37    XL:     27
MP:   44/44         EV: 31    Int:  5    God:    Okawaru [******]
Gold: 9799          SH: 32    Dex: 20    Spells: 3 memorised, 21 levels left

rFire  + + +     SeeInvis .     a - +8 scimitar of Esus {flame, -Tele *Slow rF++ rN+}
rCold  + + +     Gourm    .     B - +1 crystal plate armour "Vuript" {rC+ Regen+ rCorr Slay+3}
rNeg   + + +     Faith    .     k - +2 large shield {AC+3}
rPois  +         Spirit   .     (helmet restricted)
rElec  +         Dismiss  .     U - +1 cloak of Starlight {rElec rC+ EV+4 Stlth--}
rCorr  +         Reflect  .     l - +0 pair of gloves "Wiemiehu" {rN+ Regen+ Str+4 Dex+6}
MR     ++++.     Harm     .     R - +2 pair of boots of the Desert {Str+3 Dex+2}
Stlth  .......... NoTele   +    G - amulet of Yte Zatz {+Rage rF+ MR+}
                                q - ring of Wisdom {rPois rC++ rN+ MP+9}
                                M - ring of Adwok {rElec rPois MR+ Slay+6 Stlth+}

@: heroism, finesse
A: retaliatory headbutt, horns 2, clumsy 1, low mp 1, subdued magic 1
a: Heroism, Finesse, Renounce Religion, Evoke Berserk Rage
}: 7/15 runes: decaying, slimy, silver, golden, icy, abyssal, gossamer


You were on level 6 of the Iron City of Dis.
You worshipped Okawaru.
Okawaru was exalted by your worship.
You were hungry.

You visited 16 branches of the dungeon, and saw 75 of its levels.
You visited the Abyss 3 times.
You also visited: Trove and Ice Cave.

You collected 10084 gold pieces.
You spent 285 gold pieces at shops.

Inventory:

Hand Weapons
 a - the +8 scimitar of Esus (weapon) {flame, -Tele *Slow rF++ rN+}
   (Okawaru gifted it to you on level 6 of the Lair of Beasts)

   It has been specially enchanted to burn those struck by it, causing extra
   injury to most foes and up to half again as much damage against particularly
   susceptible opponents.
   Big, fiery blades are also staple armaments of hydra-hunters.
   It greatly protects you from fire.
   It protects you from negative energy.
   It prevents most forms of teleportation.
   It may slow you when you take damage.
 b - the +1 arbalest "Ycutemp" {penet, +Blink Int+3}
   (Okawaru gifted it to you on level 2 of the Swamp)

   Ammo fired by it will pass through the targets it hits, potentially hitting
   all targets in its path until it reaches maximum range.
   It affects your intelligence (+3).
   It lets you blink.
Missiles
 A - 1688 bolts
Armour
 k - a +2 large shield of protection (worn)
 l - the +0 pair of gloves "Wiemiehu" (worn) {rN+ Regen+ Str+4 Dex+6}
   (Okawaru gifted it to you on level 1 of the Vaults)

   It affects your strength (+4).
   It affects your dexterity (+6).
   It protects you from negative energy.
   It increases your rate of regeneration.
 B - the +1 crystal plate armour "Vuript" (worn) {rC+ Regen+ rCorr Slay+3}
   (Okawaru gifted it to you on level 2 of the Lair of Beasts)

   It affects your accuracy and damage with ranged weapons and melee attacks
   (+3).
   It protects you from cold.
   It increases your rate of regeneration.
   It protects you from acid and corrosion.
 R - the +2 pair of boots of the Desert (worn) {Str+3 Dex+2}
   (You found it on level 5 of the Pits of Slime)

   It affects your strength (+3).
   It affects your dexterity (+2).
 U - the +1 cloak of Starlight (worn) {rElec rC+ EV+4 Stlth--}
   (You found it on level 5 of the Dungeon)

   It affects your evasion (+4).
   It protects you from cold.
   It insulates you from electricity.
   It makes you much less stealthy.
Rods
 g - a +0 rod of inaccuracy (11/11)
   (You found it on level 3 of the Tomb of the Ancients)
 Q - a +5 rod of clouds (11/11)
   (You took it off a deep elf mage on level 3 of the Elven Halls)
Jewellery
 e - an uncursed ring of flight
 n - an uncursed amulet of guardian spirit
 q - the ring of Wisdom (right hand) {rPois rC++ rN+ MP+9}
   (You took it off a deep elf archer on level 3 of the Elven Halls)

   [ring of positive energy]

   It greatly protects you from cold.
   It protects you from poison.
   It protects you from negative energy.
   It affects your magic capacity (+9).
 w - the ring of the Sky {MR+ SInv}
   (You took it off a deep elf archer on level 3 of the Elven Halls)

   [ring of see invisible]

   It affects your resistance to hostile enchantments.
   It lets you see invisible.
 G - the amulet of Yte Zatz (around neck) {+Rage rF+ MR+}
   (You found it on level 2 of the Crypt)

   [amulet of rage]

   It protects you from fire.
   It affects your resistance to hostile enchantments.
   It lets you go berserk.
 M - the ring of Adwok (left hand) {rElec rPois MR+ Slay+6 Stlth+}
   (You found it in a treasure trove)

   [ring of stealth]

   It affects your accuracy and damage with ranged weapons and melee attacks
   (+6).
   It insulates you from electricity.
   It protects you from poison.
   It affects your resistance to hostile enchantments.
   It makes you more stealthy.
Wands
 o - a wand of disintegration (7/24)
 y - a wand of heal wounds (6/9)
 z - a wand of polymorph (9/24)
 C - a wand of lightning (3/15)
 E - a wand of acid (3/15)
 J - a wand of teleportation (5/9)
 Y - a wand of digging (9/24)
Scrolls
 c - 5 scrolls of immolation
 h - 18 scrolls of identify
 j - a scroll of silence
 s - 38 scrolls of remove curse
 v - 3 scrolls of recharging
 x - 5 scrolls of torment
 K - 15 scrolls of fog
 L - 21 scrolls of teleportation
 N - 5 scrolls of blinking
 O - 2 scrolls of summoning
 P - 13 scrolls of fear
 T - 5 scrolls of holy word
 V - a scroll of enchant weapon
 X - 2 scrolls of magic mapping
Potions
 d - 14 potions of might
 i - 5 potions of resistance
 m - 10 potions of agility
 D - 6 potions of haste
 H - a potion of curing
 S - 10 potions of heal wounds
 W - 5 potions of cancellation
Miscellaneous
 F - a fan of gales (inert)
 I - a disc of storms
 Z - a lamp of fire
Comestibles
 f - 28 bread rations
 p - 3 beef jerkies
 r - 28 meat rations
 t - 23 royal jellies


   Skills:
 O Level 27 Fighting
 - Level 22.0(27) Long Blades
 - Level 16.1(21.1) Crossbows
 - Level 25.1(27) Armour
 - Level 22.0(27) Dodging
 - Level 22.0(27) Shields
 - Level 17.0 Invocations
 + Level 26.8 Evocations


You had 21 spell levels left.
You knew the following spells:

 Your Spells              Type           Power        Failure   Level  Hunger
a - Mephitic Cloud        Conj/Pois/Air  #.......     100%        3    ####...
b - Sting                 Conj/Pois      #...         99%         1    ##.....
c - Summon Butterflies    Summ           #.......     99%         1    ##.....


Dungeon Overview and Level Annotations

Branches:
Dungeon (15/15)            Temple (1/1) D:6            Lair (6/6) D:10
  Swamp (4/4) Lair:3       Spider (4/4) Lair:3        Slime (5/5) Lair:6
    Orc (2/2) D:12            Elf (3/3) Orc:2        Vaults (5/5) D:13
  Crypt (3/3) Vaults:2       Tomb (3/3) Crypt:3      Depths (5/5) D:15
   Hell (1/1)                 Dis (6/7) Hell            Geh (0/7) Hell
    Coc (7/7) Hell            Tar (0/7) Hell            Zot (5/5) Depths:5

Altars:
Ashenzari
Cheibriados
Dithmenos
Elyvilon
Fedhas
Gozag
Hepliaklqana
Kikubaaqudgha
Makhleb
Nemelex Xobeh
Okawaru
Qazlal
Ru
Sif Muna
Trog
Uskayaw
Vehumet
Xom
Yredelemnul
Zin
The Shining One
Jiyva

Shops:
D:5 (   D:6 %   D:8 ([(   D:10 !   Orc:2 *:[(   Elf:1 :   Vaults:1 (
Vaults:3 ?

Portals:
Hell: Lair:6 Depths:1 Depths:2 Depths:3 Depths:4 Depths:5
Abyss: Depths:2 Depths:4 Depths:5
Pandemonium: Depths:2 Depths:3
Ziggurat: Tomb:3 Depths:4

Annotations:
Orc:2 exclusion: upstairs
Crypt:1 wand hasting
Zot:4 exclusion: downstairs


Innate Abilities, Weirdness & Mutations

You reflexively headbutt those who attack you in melee.
You have a pair of horns on your head.
You are clumsy. (Dex -2)
Your magical capacity is low. (-10% MP)
Your spells are a little easier to cast, but a little less powerful.


Message History

You block the ancient champion's attack.
Evoke which item? (* to show all) (? for menu, Esc to quit)
A mighty gale blasts forth from the fan!
The hellion and the ancient champions are blown away by the wind.
The reaper misses you. You block the reaper's attack.
Unknown command.
The ancient champion gestures wildly while chanting.
You block the seven-headed hydra zombie's attack. x2
The seven-headed hydra zombie misses you.
The seven-headed hydra zombie barely misses you.
You block the seven-headed hydra zombie's attack.
The seven-headed hydra zombie bites you but does no damage.
The seven-headed hydra zombie completely misses you.
The reaper completely misses you. You block the reaper's attack.
An eight-headed hydra zombie comes into view.
You block the reaper's attack. The hellion gestures at you.
The sphere of damnation explodes!
The damnation engulfs you!
You die...

#...............#..#
#....#
#.........2.....#..#
...#
#.......))......#.##
#....5z##2#.....#.#
#...§..#..###...###
#......z.22.##..#
#......#.....##.#
#......###Z...###...
#....... ###@......#
#....... #...⌠...#
#....... #.......#
#........ #.⌠...⌠.#
#...... #Z......#
#...⌠...# #.......#
...###...


You could see 2 reapers, an ancient champion, a hellion, an iron imp, an
eight-headed hydra zombie and a seven-headed hydra zombie.

Vanquished Creatures
  Antaeus (Coc:7)
  the Royal Jelly (Slime:5)
  The ghost of kuzmorgo the Petrodigitator, a legendary GrEE of Vehumet (Coc:7)
  2 orbs of fire (Zot:5)
  Mennas (Vaults:4)
  A juggernaut (Depths:4)
  Mara (Crypt:1)
  12 ancient liches
  29 greater mummies
  Saint Roka (Vaults:4)
  12 shard shrikes
  Xtahua (Depths:3)
  6 curse toes
  Geryon (Hell)
  3 Killer Klowns (Zot:5)
  6 golden dragons
  Nikola (Vaults:2)
  7 bone dragons
  Jorgrun (Elf:3)
  Jory (Depths:5)
  Arachne (Spider:3)
  9 liches
  A Brimstone Fiend (Dis:6)
  4 iron giants
  2 electric golems
  18 tentacled monstrosities
  Rupert (D:13)
  A Hell Sentinel (Dis:3)
  13 Ice Fiends
  12 Orb Guardians (Zot:5)
  2 deep elf blademasters (Elf:3)
  17 acid blobs
  A deep elf master archer (Elf:3)
  5 titans
  6 quicksilver dragons
  10 death cobs
  Gastronok (Lair:3)
  A tentacled starspawn (Abyss:3)
  2 Executioners (Dis:3)
  11 sphinxes
  An eldritch tentacle (Dis:5)
  6 tengu reavers
  15 ancient champions
  2 thorn hunters (Swamp:4)
  8 shadow dragons
  Donald (Vaults:4)
  12 storm dragons
  Roxanne (Swamp:1)
  11 fire giants
  14 azure jellies
  7 frost giants
  4 revenants
  5 draconian scorchers
  10 ghost moths
  5 draconian monks
  6 draconian knights
  4 draconian shifters
  12 vault wardens
  3 cacodemons
  3 iron dragons (Vaults:5)
  3 balrugs
  6 deep elf sorcerers
  2 orc warlords
  7 emperor scorpions
  Louise (Elf:3)
  7 draconian zealots
  8 ghouls
  3 deep elf elementalists (Elf:3)
  A curse skull (Crypt:2)
  5 draconian annihilators
  6 war gargoyles
  16 stone giants
  16 reapers
  A draconian caller (Zot:4)
  16 ironheart preservers
  2 spriggan defenders (Depths:3)
  An elemental wellspring (Coc:7)
  26 very ugly things
  8 green draconians
  6 black draconians
  8 entropy weavers
  7 deep elf demonologists
  13 purple draconians
  Nessos (D:13)
  12 vampire knights
  7 deep elf annihilators
  11 white draconians
  2 bennus (Tomb:2)
  3 dire elephants (Lair:6)
  4 spark wasps
  10 red draconians
  7 yellow draconians
  8 mottled draconians
  16 blizzard demons
  9 deep elf death magi
  2 green deaths
  2 eidola (Crypt:3)
  The ghost of Flanowski the Transmogrifier, a journeyman VSTm of Ashenzari (Lair:5)
  12 fire dragons
  15 ettins
  2 quicksilver dragon zombies
  A merfolk impaler (Depths:2)
  7 death oozes
  12 jiangshi
  22 mummy priests
  3 deep elf high priests
  Erolcha (D:8)
  21 great orbs of eyes
  17 hydras
  A kraken zombie (Coc:7)
  A quicksilver dragon skeleton (Coc:7)
  12 yaktaur captains
  7 rakshasas
  23 ice dragons
  Harold (D:11)
  A hell beast (Dis:3)
  2 spriggan air magi
  31 vault guards
  9 alligators
  8 death knights
  2 catoblepae
  11 ogre magi
  31 dancing weapons
  13 deep troll shamans
  7 centaur warriors
  70 death scarabs
  5 death yaks (Lair:6)
  11 deep troll earth magi
  5 orc high priests
  A queen ant (Spider:1)
  A queen ant (shapeshifter) (Depths:5)
  4 spriggan berserkers
  5 tengu warriors
  9 vampire magi
  Urug (Lair:3)
  5 titan zombies
  5 hell hogs (Abyss:3)
  4 titan skeletons
  5 soul eaters (Hell)
  2 iron golems (Hell)
  6 storm dragon zombies
  Nergalle (Lair:2)
  Sonja (Lair:3)
  4 sixfirhies
  5 sun demons
  31 deep elf knights
  15 hell knights
  3 shadow wraiths
  3 storm dragon skeletons
  4 iron trolls
  94 skeletal warriors
  2 deep trolls (shapeshifter)
  A death drake (Abyss:3)
  36 deep trolls
  A golden dragon zombie (Dis:1)
  4 unseen horrors
  7 anaconda zombies
  An obsidian statue (D:10)
  5 flayed ghosts
  A golden dragon skeleton (Coc:2)
  10 hill giants
  2 swamp dragons
  26 deep elf archers
  A ghost moth zombie (Coc:2)
  Pikel (D:5)
  2 spriggan druids
  12 necromancers
  11 phantasmal warriors
  13 orc knights
  A shadow dragon zombie (Dis:1)
  2 shambling mangroves
  6 wizards
  54 wolf spiders
  6 orc sorcerers
  5 anaconda skeletons
  6 frost giant zombies
  20 ironbrand convokers
  The ghost of Geomchi the Chopper, a novice HuGl (D:6)
  An orb spider (shapeshifter) (Vaults:2)
  85 deep elf magi
  2 iron dragon zombies
  19 orb spiders
  45 ugly things
  A wolf spider (shapeshifter) (Vaults:5)
  A manticore (shapeshifter) (Vaults:5)
  4 fire giant zombies
  2 shadow dragon skeletons
  9 shining eyes
  A manticore (D:15)
  2 tengu skeletons (Vaults:2)
  2 wolf spider zombies
  A sphinx skeleton (Vaults:2)
  24 moths of wrath
  A salamander (Depths:5)
  2 stone giant skeletons
  A moth of wrath (shapeshifter) (Vaults:5)
  8 cyclopes
  5 stone giant zombies
  A frost giant skeleton (Dis:4)
  A shock serpent zombie (Dis:1)
  A fire giant skeleton (Coc:7)
  5 centaur zombies
  25 elephants
  3 titan simulacra
  15 vault sentinels
  18 rust devils
  2 naga magi (D:15)
  A black mamba (Lair:2)
  4 ice statues (IceCv)
  4 storm dragon simulacra
  A gargoyle (D:10)
  3 dire elephant skeletons
  4 eyes of devastation
  41 yaktaurs
  20 spiny frogs
  8 hellions
  3 rime drakes
  2 shock serpent skeletons
  4 orange demons
  4 komodo dragons
  8 anaconda simulacra
  An efreet (D:13)
  A yaktaur skeleton (Vaults:2)
  14 demonic crawlers
  45 guardian mummies
  40 ice devils
  19 tormentors
  2 tengu conjurers
  14 hydra zombies
  19 red devils
  4 hellwings
  A silent spectre (Abyss:3)
  A troll (shapeshifter) (Elf:3)
  A black draconian skeleton (Crypt:3)
  A pale draconian skeleton (Crypt:2)
  31 freezing wraiths
  2 wind drakes (shapeshifter)
  10 trolls
  A queen bee (Spider:1)
  42 jumping spiders
  4 harpy zombies
  15 blink frogs
  2 harpy skeletons
  3 meliai (Spider:1)
  19 two-headed ogres
  2 hydra skeletons
  A polar bear (Lair:4)
  43 hornets
  149 slime creatures
  8 alligator zombies
  5 tyrant leeches
  10 hippogriffs
  9 bog bodies
  2 fire dragon zombies
  An iron dragon simulacrum (Crypt:1)
  4 ettin zombies
  5 raiju (Abyss:3)
  2 stone giant simulacra
  3 large abominations
  2 centaur simulacra
  10 air elementals
  2 frost giant simulacra
  60 flying skulls
  90 redbacks
  12 shadows
  A shapeshifter (Vaults:2)
  3 ettin skeletons
  10 water elementals
  A fire dragon skeleton (Crypt:2)
  20 wraiths
  4 ice dragon skeletons
  3 black mamba zombies
  29 spriggans
  A tarantella (shapeshifter) (D:14)
  A wyvern (D:8)
  4 alligator skeletons
  A vampire (D:11)
  19 yaks
  51 tarantellas
  2 ynoxinuls
  14 humans (D:13)
  14 fire elementals
  A basilisk (shapeshifter) (Vaults:4)
  26 ushabtiu
  A human (shapeshifter) (Vaults:4)
  A black mamba skeleton (Crypt:3)
  6 golden eyes
  7 swamp worm simulacra (Swamp:4)
  2 basilisks
  Grum (D:9)
  A chaos spawn (Coc:3)
  A wind drake skeleton (Crypt:2)
  2 golden eyes (shapeshifter)
  18 vampire mosquitoes
  2 hungry ghosts (Coc:1)
  3 human simulacra
  An emperor scorpion simulacrum (Hell)
  A deep troll zombie (Vaults:3)
  2 mottled dragons
  2 iron troll simulacra (IceCv)
  19 swamp worms
  A harpy simulacrum (IceCv)
  20 hydra simulacra
  Menkaure (D:5)
  A merfolk zombie (Coc:7)
  13 insubstantial wisps
  25 soldier ants
  11 wargs
  A floating eye (shapeshifter) (Vaults:5)
  13 water moccasins
  6 porcupines
  18 hell hounds
  2 black bears
  3 floating eyes
  10 spiny frog zombies
  46 orc warriors
  3 swamp drakes
  A lindwurm zombie (Crypt:2)
  2 phantoms
  3 spiny frog skeletons
  2 swamp dragon zombies
  2 eyes of draining
  2 hornet zombies
  An ogre (shapeshifter) (Elf:1)
  10 ice beasts
  4 snapping turtle zombies
  39 ogres
  A sky beast (D:13)
  An ettin simulacrum (Crypt:1)
  6 necrophages
  8 human skeletons
  An alligator simulacrum (Hell)
  2 manticore zombies
  23 wolves
  18 centaurs
  11 boggarts
  3 small abominations
  A manticore skeleton (Tomb:3)
  A swamp dragon skeleton (Coc:6)
  14 crocodiles
  2 big kobolds (D:12)
  A komodo dragon zombie (Crypt:3)
  A bullfrog (shapeshifter) (Depths:5)
  20 bullfrogs
  2 octopode zombies
  5 earth elementals
  A water moccasin zombie (Crypt:3)
  A salamander skeleton (Crypt:2)
  A glowing shapeshifter simulacrum (Vaults:3)
  A spiny frog simulacrum (Coc:6)
  A hell hound zombie (Crypt:1)
  2 wyvern skeletons
  7 scorpions
  2 troll zombies (Swamp:1)
  A swamp dragon simulacrum (Coc:7)
  29 killer bees
  3 troll skeletons (Swamp:1)
  4 electric eels
  39 wights
  2 howler monkeys
  16 crimson imps
  4 quasits
  A bullfrog zombie (D:11)
  3 bullfrog skeletons
  18 jellies
  20 orc priests
  6 centaur skeletons
  6 hounds
  5 human zombies
  16 orc wizards
  11 iron imps
  4 iguanas
  A black bear skeleton (Crypt:2)
  26 worker ants
  A naga skeleton (Crypt:2)
  A deep dwarf skeleton (Crypt:1)
  A big kobold skeleton (Crypt:2)
  2 hound zombies
  A hound skeleton (Crypt:3)
  48 mummies
  3 worker ant zombies
  A hell rat skeleton (Crypt:2)
  13 adders
  2 river rats (Lair:1)
  A swamp drake zombie (Crypt:3)
  6 shadow imps
  16 white imps
  A swamp drake simulacrum (Swamp:4)
  An ufetubus (Depths:3)
  An ooze (shapeshifter) (Vaults:5)
  An ooze (Lair:6)
  An adder zombie (D:5)
  A worm (D:3)
  A worm (shapeshifter) (Vaults:5)
  4 dart slugs
  7 leopard geckos
  72 orcs
  A ball python (D:2)
  9 giant cockroaches
  11 goblins
  5 hobgoblins
  14 jackals
  16 kobolds
  6 quokkas
  7 bats
  2 frilled lizards
  A goblin skeleton (Crypt:3)
  A goblin zombie (Crypt:1)
  2 jackal skeletons
  A kobold zombie (Coc:2)
  A leopard gecko skeleton (D:4)
  5 rats
  2 rat skeletons (Crypt:1)
  4 briar patches (Swamp:4)
  A bush (Elf:1)
  A plant (Lair:1)
  A tentacle (Coc:7)
3661 creatures vanquished.

Vanquished Creatures (others)
  A deep elf master archer (Elf:3)
  A lich (Tomb:2)
  An eldritch tentacle (Coc:7)
  3 draconian knights
  3 elemental wellsprings (Coc:7)
  A deep elf annihilator (Elf:3)
  32 death scarabs
  2 deep elf knights
  A storm dragon skeleton (Tomb:3)
  A ghost moth zombie (Tomb:3)
  A deep elf mage (Elf:3)
  A moth of wrath (Zot:5)
  A frost giant zombie (Tomb:3)
  A fire giant skeleton (Tomb:2)
  A guardian mummy (Tomb:3)
  10 flying skulls
  A redback (Elf:2)
  An ice dragon skeleton (Coc:7)
  An air elemental (Elf:3)
  A human (D:13)
  An ogre (D:13)
  3 mummies (Tomb:2)
  A shadow imp (Depths:3)
  An orc (Orc:1)
  2 bushes (Elf:1)
  17 fungi
  2 plants
  2 starspawn tentacles (Abyss:3)
  7 tentacles (Coc:7)
101 creatures vanquished.

Grand Total: 3762 creatures vanquished

Notes
Turn   | Place    | Note
-------+----------+-------------------------------------------
     0 | D:1      | azazello the Minotaur Fighter began the quest for the Orb.
     0 | D:1      | Reached XP level 1. HP: 19/19 MP: 0/0
   160 | D:1      | Reached XP level 2. HP: 26/26 MP: 1/1
   693 | D:2      | Found a snail-covered altar of Cheibriados.
   701 | D:2      | Reached XP level 3. HP: 30/31 MP: 2/2
   881 | D:2      | Reached skill level 5 in Long Blades
   977 | D:2      | Reached XP level 4. HP: 31/39 MP: 3/3
   991 | D:2      | Found a sacrificial altar of Ru.
  1428 | D:3      | Noticed a centaur
  1433 | D:3      | Killed a centaur
  1433 | D:3      | Reached XP level 5. HP: 10/45 MP: 4/4
  2213 | D:4      | Noticed an ogre
  2226 | D:4      | Killed an ogre
  2226 | D:4      | Reached XP level 6. HP: 51/51 MP: 5/5
  2252 | D:4      | Found an iron altar of Okawaru.
  2260 | D:4      | Became a worshipper of Warmaster Okawaru
  2264 | D:4      | Found an opulent altar of Gozag.
  2269 | D:4      | Found a bloodstained altar of Trog.
  2865 | D:5      | Entered Level 5 of the Dungeon
  3060 | D:5      | Noticed Menkaure
  3096 | D:6      | Reached * piety under Okawaru
  3096 | D:6      | Reached XP level 7. HP: 22/57 MP: 6/6
  3117 | D:6      | Noticed Geomchi's ghost (novice HuGl)
  3320 | D:5      | Found a glowing golden altar of the Shining One.
  3490 | D:5      | Killed Menkaure
  3533 | D:5      | Noticed Pikel
  3545 | D:5      | Killed Pikel
  3545 | D:5      | Reached ** piety under Okawaru
  3545 | D:5      | Reached skill level 5 in Armour
  3545 | D:5      | Reached XP level 8. HP: 46/64 MP: 7/7
  3614 | D:5      | Identified the Tome of Boosting Evil
  3678 | D:5      | Found Qoadufif's Antique Weapon Boutique.
  3777 | D:6      | Found an ancient bone altar of Kikubaaqudgha.
  3868 | D:6      | Found a shattered altar of Ashenzari.
  4224 | D:6      | Found a staircase to the Ecumenical Temple.
  4234 | Temple   | Entered the Ecumenical Temple
  4504 | D:6      | Found Hein's Food Shoppe.
  4673 | D:7      | Noticed a hippogriff
  4684 | D:7      | Killed a hippogriff
  4735 | D:7      | Reached *** piety under Okawaru
  5013 | D:7      | Reached XP level 9. HP: 66/70 MP: 8/8
  5286 | D:7      | Noticed a troll
  5305 | D:7      | Killed a troll
  5921 | D:6      | Killed Geomchi's ghost
  6072 | D:8      | Found a hazy altar of Hepliaklqana.
  6163 | D:8      | Found Plog's Antique Weapon Boutique.
  6210 | D:8      | Reached **** piety under Okawaru
  6226 | D:8      | Noticed a purple ugly thing
  6232 | D:8      | Killed a purple ugly thing
  6232 | D:8      | Reached XP level 10. HP: 73/77 MP: 9/9
  6333 | D:8      | Found Ibunin's Weapon Shop.
  6440 | D:8      | Found Kupan's Antique Armour Boutique.
  6447 | D:8      | Bought a pair of embroidered gloves for 90 gold pieces
  6525 | D:8      | Found a radiant altar of Vehumet.
  6623 | D:9      | Noticed Erolcha
  6623 | D:9      | Reached skill level 15 in Long Blades
  6658 | D:8      | Killed Erolcha
  6658 | D:8      | Reached ***** piety under Okawaru
  6912 | D:9      | Noticed Grum
  6926 | D:9      | Reached skill level 10 in Armour
  6929 | D:9      | Killed Grum
  7063 | D:9      | Received a gift from Okawaru
  7177 | D:9      | Reached skill level 1 in Dodging
  7449 | D:10     | Entered Level 10 of the Dungeon
  7468 | D:10     | Noticed an obsidian statue
  7499 | D:10     | Noticed a gargoyle
  7506 | D:10     | Killed a gargoyle
  7601 | D:10     | Reached XP level 11. HP: 80/82 MP: 10/10
  7632 | D:10     | Found a staircase to the Lair.
  7698 | D:10     | Noticed a hill giant
  7704 | D:10     | Killed a hill giant
  7704 | D:10     | Reached skill level 4 in Fighting
  7833 | D:10     | Reached skill level 5 in Fighting
  7945 | D:10     | Found Ocwatib's Distillery.
  7953 | D:10     | Bought a potion of mutation for 35 gold pieces
  7953 | D:10     | Bought a potion of heal wounds for 70 gold pieces
  8066 | D:10     | Reached skill level 6 in Fighting
  8339 | Lair:1   | Entered Level 1 of the Lair of Beasts
  8455 | Lair:1   | Reached skill level 7 in Fighting
  8474 | Lair:1   | Reached skill level 5 in Dodging
  8577 | Lair:1   | Reached ****** piety under Okawaru
  8710 | Lair:1   | Received a gift from Okawaru
  9050 | Lair:1   | Noticed a four-headed hydra
  9095 | Lair:1   | Killed a ten-headed hydra
  9571 | Lair:2   | Upgraded the game from 0.19-a0-1820-gbf060b2 to 0.19-a0-1823-g21c7ecd
  9731 | Lair:2   | Received a gift from Okawaru
  9731 | Lair:2   | Reached XP level 12. HP: 56/100 MP: 11/11
  9766 | Lair:2   | Noticed a five-headed hydra
  9792 | Lair:2   | Killed a nine-headed hydra
  9792 | Lair:2   | Reached skill level 8 in Fighting
  9935 | Lair:2   | Noticed Nergalle
  9948 | Lair:2   | Killed Nergalle
  9948 | Lair:2   | Reached skill level 9 in Fighting
  9948 | Lair:2   | Reached skill level 1 in Invocations
 10195 | Lair:2   | Got a crude crystal plate armour {god gift}
 10206 | Lair:2   | Identified the +1 crystal plate armour "Vuript" {rC+ Regen+ rCorr Slay+3} (Okawaru gifted it to you on level 2 of the Lair of Beasts)
 10377 | Lair:3   | Noticed Sonja
 10379 | Lair:3   | Killed Sonja
 10549 | Lair:3   | Found a staircase to the Swamp.
 10555 | Lair:3   | Reached skill level 10 in Fighting
 10581 | Lair:3   | Noticed Gastronok
 10622 | Lair:3   | Killed Gastronok
 10652 | Lair:3   | Found a hole to the Spider Nest.
 10785 | Lair:3   | Noticed Urug
 10804 | Lair:3   | Killed Urug
 11137 | Lair:4   | Noticed a four-headed hydra
 11164 | Lair:3   | Killed a nine-headed hydra
 11945 | Lair:4   | Received a gift from Okawaru
 11947 | Lair:4   | Reached XP level 13. HP: 82/113 MP: 15/15
 11976 | Lair:4   | Reached skill level 5 in Invocations
 12022 | Lair:4   | Learned a level 3 spell: Mephitic Cloud
 12024 | Lair:4   | Learned a level 1 spell: Sting
 12618 | Lair:5   | Noticed Flanowski's ghost (journeyman VSTm)
 12638 | Lair:5   | Received a gift from Okawaru
 12653 | Lair:5   | Killed Flanowski's ghost
 12698 | Lair:5   | Learned a level 1 spell: Summon Butterflies
 12974 | Lair:5   | Reached skill level 15 in Armour
 13039 | Lair:6   | Entered Level 6 of the Lair of Beasts
 13069 | Lair:6   | Noticed a dire elephant
 13090 | Lair:6   | Killed a dire elephant
 13126 | Lair:6   | Reached skill level 10 in Dodging
 13156 | Lair:6   | Noticed a dire elephant
 13171 | Lair:6   | Killed a dire elephant
 13176 | Lair:6   | Noticed a dire elephant
 13178 | Lair:6   | Received a gift from Okawaru
 13191 | Lair:6   | Killed a dire elephant
 13263 | Lair:6   | Cast into level 3 of the Abyss (a wizard)
 13263 | Abyss:3  | Found a corrupted altar of Lugonu.
 13309 | Abyss:3  | Noticed a blizzard demon
 13318 | Abyss:3  | Killed a blizzard demon
 13390 | Abyss:3  | Noticed a tentacled starspawn
 13408 | Abyss:3  | Killed a tentacled starspawn
 13442 | Lair:6   | Escaped the Abyss
 13468 | Lair:6   | Found a burning altar of Makhleb.
 13526 | Lair:6   | Reached XP level 14. HP: 100/121 MP: 16/16
 13570 | Lair:6   | Found a gateway to Hell.
 13705 | Lair:6   | Received a gift from Okawaru
 13717 | Lair:6   | Got a dazzling scimitar {god gift}
 13718 | Lair:6   | Identified the +8 scimitar of Esus {flame, -Tele *Slow rF++ rN+} (Okawaru gifted it to you on level 6 of the Lair of Beasts)
 13728 | Lair:6   | Gained mutation: You have a pair of large horns on your head. [potion of beneficial mutation]
 13729 | Lair:6   | Gained mutation: Your system is resistant to poisons. (rPois) [potion of beneficial mutation]
 13923 | Lair:6   | Found a staircase to the Slime Pits.
 14727 | Spider:1 | Entered Level 1 of the Spider Nest
 14871 | Spider:1 | Received a gift from Okawaru
 15028 | Spider:1 | Received a gift from Okawaru
 15095 | Spider:1 | Noticed an emperor scorpion
 15113 | Spider:1 | Killed an emperor scorpion
 15176 | Spider:1 | Killed a ghost moth
 15244 | Spider:1 | Noticed an entropy weaver
 15247 | Spider:1 | Killed an entropy weaver
 15355 | Spider:1 | Reached XP level 15. HP: 101/126 MP: 17/17
 15414 | Spider:1 | Received a gift from Okawaru
 15445 | Spider:1 | Reached skill level 15 in Dodging
 15984 | Spider:2 | Found a frozen archway.
 15999 | IceCv    | Entered an ice cave
 16131 | IceCv    | Received a gift from Okawaru
 16228 | IceCv    | Noticed an Ice Fiend
 16235 | IceCv    | Killed an Ice Fiend
 16260 | IceCv    | Gained mutation: You are agile. (Dex +2) [potion of beneficial mutation]
 16609 | Spider:2 | Received a gift from Okawaru
 16989 | Spider:2 | Got a fine chain mail
 17005 | Spider:2 | Identified the +3 chain mail "Yffozig" {rF++ Str+2 SInv} (You found it on level 2 of the Spider Nest)
 17115 | Spider:3 | Reached skill level 1 in Crossbows
 17508 | Spider:3 | Reached skill level 5 in Crossbows
 17513 | Spider:3 | Reached XP level 16. HP: 108/134 MP: 18/18
 17616 | Spider:3 | Gained mutation: You are surrounded by a mild repulsion field. (EV +2) [potion of beneficial mutation]
 17885 | Spider:4 | Entered Level 4 of the Spider Nest
 17892 | Spider:4 | Received a gift from Okawaru
 17912 | Spider:3 | Received a gift from Okawaru
 17918 | Spider:3 | Reached skill level 11 in Fighting
 18002 | Spider:4 | Noticed Arachne
 18027 | Spider:3 | Killed Arachne
 18027 | Spider:3 | Reached skill level 12 in Fighting
 18182 | Spider:3 | Reached skill level 13 in Fighting
 18284 | Spider:4 | Reached skill level 14 in Fighting
 18332 | Spider:4 | Received a gift from Okawaru
 18340 | Spider:4 | Got a warped great sword {god gift}
 18341 | Spider:4 | Identified the +1 great sword of Ravage {slice, *Corrode +Fly rPois Str+5} (Okawaru gifted it to you on level 4 of the Spider Nest)
 18527 | Spider:4 | Reached XP level 17. HP: 89/152 MP: 2/19
 18749 | Spider:4 | Received a gift from Okawaru
 19315 | Spider:4 | Got a gossamer rune of Zot
 19513 | Swamp:1  | Entered Level 1 of the Swamp
 19911 | Swamp:1  | Noticed Roxanne
 19955 | Swamp:1  | Killed Roxanne
 19989 | Swamp:1  | Received a gift from Okawaru
 20442 | Swamp:2  | Received a gift from Okawaru
 20443 | Swamp:2  | Reached skill level 1 in Evocations
 20901 | Swamp:2  | Received a gift from Okawaru
 20907 | Swamp:2  | Got a pitted arbalest {god gift}
 20908 | Swamp:2  | Identified the +1 arbalest "Ycutemp" {penet, +Blink Int+3} (Okawaru gifted it to you on level 2 of the Swamp)
 21330 | Swamp:3  | Identified a scroll of acquirement
 21331 | Swamp:3  | Got a brightly glowing lead ring
 21332 | Swamp:3  | Identified the ring "Janory" {*Contam rElec rPois Stlth+} (You acquired it on level 3 of the Swamp)
 21499 | Swamp:3  | Reached skill level 5 in Evocations
 21733 | Swamp:4  | Entered Level 4 of the Swamp
 21996 | Swamp:4  | Got a decaying rune of Zot
 22057 | Swamp:4  | Received a gift from Okawaru
 22112 | Swamp:4  | Reached skill level 15 in Fighting
 22933 | D:11     | Found an opulent altar of Gozag.
 23078 | D:11     | Noticed Harold
 23089 | D:11     | Killed Harold
 23214 | D:11     | Reached XP level 18. HP: 163/163 MP: 22/22
 23318 | D:11     | HP: 7/163 [??? (3)]
 23325 | D:11     | HP: 8/163 [??? (4)]
 23334 | D:11     | HP: 7/163 [??? (3)]
 23338 | D:11     | Received a gift from Okawaru
 23533 | D:11     | Identified a +4 rod of shadows (14/14) (You found it on level 11 of the Dungeon)
 23960 | D:11     | Found a portal to a secret trove of treasure.
 24130 | D:12     | Found a staircase to the Orcish Mines.
 24268 | Orc:1    | Entered Level 1 of the Orcish Mines
 24460 | Orc:2    | Entered Level 2 of the Orcish Mines
 24492 | Orc:1    | Reached skill level 16 in Fighting
 24550 | Orc:2    | Found Joegetil's Antique Armour Boutique.
 24837 | Orc:2    | Found a staircase to the Elven Halls.
 24895 | Orc:2    | Found Eckiti's Book Shop.
 24945 | Orc:2    | Found Yblatuqo's General Store.
 25064 | Orc:2    | Found Alojad's Antique Weapon Boutique.
 25414 | Elf:1    | Entered Level 1 of the Elven Halls
 25440 | Elf:1    | Reached skill level 17 in Fighting
 25652 | Elf:1    | Found Waumatt's Book Shop.
 26302 | Elf:1    | Received a gift from Okawaru
 26386 | Elf:2    | Found an ancient bone altar of Kikubaaqudgha.
 26388 | Elf:2    | Received a gift from Okawaru
 26895 | Elf:2    | Found a runed gate.
 26897 | Elf:2    | Found a runed gate.
 26900 | Elf:2    | Found a runed gate.
 26970 | Elf:2    | Reached skill level 18 in Fighting
 27018 | Elf:2    | Received a gift from Okawaru
 27137 | Elf:2    | Reached XP level 19. HP: 113/181 MP: 23/23
 27142 | Elf:2    | Received a gift from Okawaru
 27430 | Elf:2    | Reached skill level 19 in Fighting
 27613 | Elf:3    | Entered Level 3 of the Elven Halls
 27692 | Elf:3    | Noticed Jorgrun
 27709 | Elf:3    | Killed Jorgrun
 28135 | Elf:3    | Noticed Louise
 28166 | Elf:3    | Killed Louise
 28361 | Elf:3    | Reached skill level 20 in Fighting
 28387 | Elf:3    | Cast into level 2 of the Abyss (a deep elf sorcerer)
 28388 | Abyss:2  | Found a corrupted altar of Lugonu.
 28430 | Abyss:2  | Noticed a bone dragon
 28453 | Abyss:2  | Killed a bone dragon
 28473 | Elf:3    | Escaped the Abyss
 28606 | Elf:3    | Reached skill level 21 in Fighting
 28651 | Elf:3    | Received a gift from Okawaru
 28662 | Elf:3    | Cast into level 3 of the Abyss (a deep elf sorcerer)
 28926 | Abyss:3  | Got an abyssal rune of Zot
 28936 | Elf:3    | Escaped the Abyss
 28941 | Elf:3    | Reached skill level 22 in Fighting
 28975 | Elf:3    | Reached XP level 20. HP: 142/200 MP: 20/24
 29406 | Elf:3    | Upgraded the game from 0.19-a0-1823-g21c7ecd to 0.19-a0-1831-gd4c818f
 29419 | Elf:3    | Got a crude cloak
 29440 | Elf:3    | Identified the +0 cloak "Gikamego" {rElec rF+ Dex-5} (You found it on level 3 of the Elven Halls)
 29456 | Elf:3    | Got a faintly glowing plate armour
 29467 | Elf:3    | Identified the +1 plate armour of the Sun {rF- Int+3 Dex+4 Slay+5} (You found it on level 3 of the Elven Halls)
 29535 | Elf:3    | Got a transparent wooden ring
 29537 | Elf:3    | Identified the ring of Wisdom {rPois rC++ rN+ MP+9} (You took it off a deep elf archer on level 3 of the Elven Halls)
 29551 | Elf:3    | Got an iridescent dagger {pierce}
 29551 | Elf:3    | Got an uncursed iridescent shortbow {flame}
 29552 | Elf:3    | Identified the +9 dagger of the Desert {pierce, rC+ Dex+3} (You took it off a deep elf mage on level 3 of the Elven Halls)
 29554 | Elf:3    | Identified the +8 shortbow "Impslayer" {flame, rF+++ MR+ Str+4 Dex-2} (You took it off a deep elf archer on level 3 of the Elven Halls)
 29589 | Elf:3    | Got a shimmering amber ring
 29590 | Elf:3    | Reached skill level 23 in Fighting
 29590 | Elf:3    | Reached XP level 21. HP: 211/211 MP: 25/25
 29595 | Elf:3    | Identified the ring of Eryqoll {MR+ Int+6} (You took it off a deep elf mage on level 3 of the Elven Halls)
 29607 | Elf:3    | Got an ebony quarterstaff {crush}
 29608 | Elf:3    | Identified the +7 quarterstaff of Stickiness {crush, rF++ Dex+4 Stlth+} (You took it off a deep elf demonologist on level 3 of the Elven Halls)
 29656 | Elf:3    | Got a twitching bone ring
 29661 | Elf:3    | Identified the ring of the Sky {MR+ SInv} (You took it off a deep elf archer on level 3 of the Elven Halls)
 29999 | D:12     | Identified Fotomobb's Papyrus of Harmful Intoxication
 30321 | D:13     | Found a glowing golden altar of the Shining One.
 30537 | D:13     | Noticed Nessos
 30538 | D:13     | Noticed Rupert
 30581 | D:13     | Killed Rupert
 30590 | D:13     | Killed Nessos
 30590 | D:13     | Received a gift from Okawaru
 30704 | D:13     | Found a gate to the Vaults.
 30979 | D:14     | Got a transparent shortbow
 30980 | D:14     | Identified the +6 shortbow "Socvouna" {venom, *Contam rF+ Dex+3} (You found it on level 14 of the Dungeon)
 30983 | D:14     | Gained mutation: You have sharp toenails. [mutagenic glow]
 31651 | D:15     | Entered Level 15 of the Dungeon
 31714 | D:15     | Reached skill level 24 in Fighting
 31759 | D:15     | Found a staircase to the Depths.
 32529 | Depths:1 | Entered Level 1 of the Depths
 33010 | Depths:1 | Found a radiant altar of Vehumet.
 33020 | Depths:1 | Found a shattered altar of Ashenzari.
 33512 | Depths:2 | Received a gift from Okawaru
 33738 | Depths:2 | Paralysed by a floating eye for 3 turns
 34034 | Depths:2 | Found a one-way gate to the infinite horrors of the Abyss.
 34076 | Depths:2 | Reached XP level 22. HP: 219/222 MP: 26/26
 34151 | Depths:2 | Paralysed by a floating eye for 4 turns
 34482 | Depths:2 | Found a one-way gate leading to the halls of Pandemonium.
 34543 | Depths:3 | Received a gift from Okawaru
 34652 | Depths:3 | Noticed Xtahua
 34652 | Depths:3 | Upgraded the game from 0.19-a0-1831-gd4c818f to 0.19-a0-1850-g63fd1ff
 34663 | Depths:3 | Killed Xtahua
 35249 | Depths:3 | Received a gift from Okawaru
 35829 | Depths:4 | Noticed a juggernaut
 35845 | Depths:4 | Killed a juggernaut
 35925 | Depths:4 | Paralysed by a great orb of eyes for 7 turns
 35998 | Depths:4 | Received a gift from Okawaru
 36395 | Depths:4 | Reached XP level 23. HP: 216/229 MP: 27/27
 36421 | Depths:4 | Found a gateway to a ziggurat.
 36946 | Depths:5 | Entered Level 5 of the Depths
 37103 | Depths:5 | Received a gift from Okawaru
 37212 | Depths:5 | Noticed Jory
 37229 | Depths:5 | Killed Jory
 37376 | Depths:5 | Found a gate to the Realm of Zot.
 37580 | Depths:5 | Got a twisted morningstar
 37582 | Depths:5 | Identified the +10 morningstar of Wondrous Power {speed, Dex+4} (You found it on level 5 of the Depths)
 37647 | Depths:5 | Received a gift from Okawaru
 38132 | Zot:1    | Entered Level 1 of the Realm of Zot
 39229 | Zot:2    | Reached XP level 24. HP: 238/238 MP: 28/28
 39260 | Zot:2    | Received a gift from Okawaru
 39767 | Zot:2    | Reached skill level 25 in Fighting
 40493 | Zot:3    | Reached skill level 26 in Fighting
 40817 | Zot:4    | Received a gift from Okawaru
 40927 | Zot:4    | Got a twitching ivory ring
 40929 | Zot:4    | Identified the cursed ring of Xom's Best Wishes {rC++ Str-3 Int-4 Dex+4} (You found it on level 4 of the Realm of Zot)
 41100 | Zot:4    | Received a gift from Okawaru
 41136 | Zot:4    | Reached skill level 27 in Fighting
 41305 | Zot:4    | Received a gift from Okawaru
 41424 | Zot:4    | Reached skill level 10 in Invocations
 41424 | Zot:4    | Reached XP level 25. HP: 234/257 MP: 29/29
 41960 | Zot:5    | Entered Level 5 of the Realm of Zot
 42389 | Zot:5    | Received a gift from Okawaru
 42419 | Zot:5    | Noticed an ancient lich
 42420 | Zot:5    | Noticed an orb of fire
 42452 | Zot:5    | Killed an ancient lich
 42452 | Zot:5    | Received a gift from Okawaru
 42474 | Zot:5    | Upgraded the game from 0.19-a0-1850-g63fd1ff to 0.19-a0-1852-gc11d922
 42509 | Zot:5    | Received a gift from Okawaru
 42550 | Zot:5    | Received a gift from Okawaru
 42574 | Zot:5    | Killed an orb of fire
 42583 | Zot:5    | Noticed an ancient lich
 42589 | Zot:5    | Killed an ancient lich
 42596 | Zot:5    | Received a gift from Okawaru
 42613 | Zot:5    | Noticed an ancient lich
 42626 | Zot:5    | Killed an ancient lich
 42706 | Zot:5    | Noticed an ancient lich
 42737 | Zot:5    | Killed an ancient lich
 42738 | Zot:5    | Reached skill level 10 in Evocations
 42799 | Zot:5    | Noticed an ancient lich
 42814 | Zot:5    | Killed an ancient lich
 42843 | Zot:5    | Noticed an ancient lich
 42854 | Zot:5    | Killed an ancient lich
 42910 | Zot:5    | Noticed an orb of fire
 42914 | Zot:5    | Gained mutation: You are weak. (Str -2) [an orb of fire]
 42921 | Zot:5    | Gained mutation: You occasionally shout uncontrollably at your foes. [an orb of fire]
 42923 | Zot:5    | Gained mutation: You are dopey. (Int -2) [an orb of fire]
 42935 | Zot:5    | Gained mutation: Potions and wands are less effective at restoring your health. [an orb of fire]
 42939 | Zot:5    | Lost mutation: You are agile. (Dex +2) [an orb of fire]
 42946 | Zot:5    | Gained mutation: Your spells are a little harder to cast, but a little more powerful. [an orb of fire]
 42962 | Zot:5    | Noticed an ancient lich
 42962 | Zot:5    | Killed an orb of fire
 42972 | Zot:5    | Killed an ancient lich
 43048 | Zot:5    | Received a gift from Okawaru
 43067 | Zot:5    | Noticed an ancient lich
 43075 | Zot:5    | Killed an ancient lich
 43075 | Zot:5    | Received a gift from Okawaru
 43075 | Zot:5    | Reached XP level 26. HP: 127/265 MP: 28/31
 43445 | Vaults:1 | Entered Level 1 of the Vaults
 43450 | Vaults:1 | Received a gift from Okawaru
 43468 | Vaults:1 | Got a pair of slimy gloves {god gift}
 43474 | Vaults:1 | Identified the +0 pair of gloves "Wiemiehu" {rN+ Regen+ Str+4 Dex+6} (Okawaru gifted it to you on level 1 of the Vaults)
 43687 | Vaults:1 | Found Woip's Antique Weapon Boutique.
 43921 | Vaults:1 | Got an ancient tin ring
 43923 | Vaults:1 | Identified the ring of Erraatha {rF++ MR+ Str+5} (You took it off an orc knight on level 1 of the Vaults)
 44344 | Vaults:1 | Reached skill level 5 in Shields
 44633 | Vaults:1 | Upgraded the game from 0.19-a0-1852-gc11d922 to 0.19-a0-1861-g35def1e
 44642 | Vaults:1 | Got an ancient silver ring
 44642 | Vaults:1 | Got a twitching lead ring
 44644 | Vaults:1 | Identified the ring "Zeawuaqo" {rElec rC++ MR+ Str-2} (You acquired it on level 1 of the Vaults)
 44645 | Vaults:1 | Identified the ring of the Madman {Fire rPois Int+5 SInv Stlth+} (You acquired it on level 1 of the Vaults)
 44878 | Vaults:2 | Noticed Nikola
 44889 | Vaults:2 | Killed Nikola
 45107 | Vaults:2 | Reached skill level 10 in Shields
 45164 | Vaults:2 | Found a staircase to the Crypt.
 45615 | Vaults:2 | Received a gift from Okawaru
 45656 | Vaults:2 | Got a pair of scorched gloves {god gift}
 45667 | Vaults:2 | Identified the +4 pair of gloves "Itachaes" {Int+7} (Okawaru gifted it to you on level 2 of the Vaults)
 46049 | Crypt:1  | Entered Level 1 of the Crypt
 46192 | Crypt:1  | Got a pitted hand crossbow
 46193 | Crypt:1  | Identified the +5 hand crossbow of Dishonesty {flame, rN+ MP+9} (You found it on level 1 of the Crypt)
 46555 | Crypt:1  | Noticed Mara
 46560 | Crypt:1  | Noticed azazello's illusion
 46569 | Crypt:1  | Killed Mara
 47056 | Crypt:2  | Reached skill level 15 in Shields
 47487 | Crypt:2  | Reached XP level 27. HP: 273/273 MP: 32/32
 47749 | Crypt:2  | Got an ancient emerald amulet
 47751 | Crypt:2  | Identified the amulet of Yte Zatz {+Rage rF+ MR+} (You found it on level 2 of the Crypt)
 47854 | Crypt:2  | Received a gift from Okawaru
 48062 | Crypt:3  | Entered Level 3 of the Crypt
 48189 | Crypt:3  | Reached skill level 10 in Crossbows
 48291 | Crypt:3  | Noticed an ancient lich
 48291 | Crypt:3  | Noticed an ancient lich
 48790 | Crypt:3  | Found a staircase to the Tomb.
 49138 | Crypt:3  | Reached skill level 15 in Crossbows
 49351 | Crypt:3  | Killed an ancient lich
 49369 | Crypt:3  | Killed an ancient lich
 49379 | Crypt:3  | Identified the Incunabulum of Flying Earth
 49383 | Crypt:3  | Identified the Tome of the Birds and Stones
 49451 | Tomb:1   | Entered Level 1 of the Tomb of the Ancients
 49624 | Tomb:1   | Received a gift from Okawaru
 50145 | Tomb:1   | Got a brightly glowing steel amulet
 50146 | Tomb:1   | Identified the amulet "Tajomol" {Gourm *Contam rElec rF+ SInv} (You took it off a guardian mummy on level 1 of the Tomb of the Ancients)
 50253 | Tomb:1   | Noticed a greater mummy
 50259 | Tomb:1   | Killed a greater mummy
 50299 | Tomb:1   | Identified a +2 rod of clouds (11/11) (You found it on level 1 of the Tomb of the Ancients)
 50300 | Tomb:1   | Identified a +5 rod of clouds (11/11) (You took it off a deep elf mage on level 3 of the Elven Halls)
 50379 | Tomb:2   | Noticed a greater mummy
 50381 | Tomb:2   | Noticed a greater mummy
 50381 | Tomb:2   | Noticed a greater mummy
 50385 | Tomb:2   | Noticed a greater mummy
 50494 | Tomb:1   | Killed a greater mummy
 50590 | Tomb:1   | Killed a greater mummy
 50590 | Tomb:1   | Received a gift from Okawaru
 50622 | Tomb:1   | Killed a greater mummy
 50697 | Tomb:2   | Killed a greater mummy
 51177 | Tomb:1   | Noticed a greater mummy
 51183 | Tomb:1   | Killed a greater mummy
 51196 | Tomb:1   | Noticed a greater mummy
 51210 | Tomb:1   | Killed a greater mummy
 51210 | Tomb:1   | Received a gift from Okawaru
 51320 | Tomb:1   | Noticed a greater mummy
 51331 | Tomb:1   | Killed a greater mummy
 51382 | Tomb:1   | Noticed a greater mummy
 51394 | Tomb:1   | Killed a greater mummy
 51394 | Tomb:1   | Received a gift from Okawaru
 51464 | Tomb:1   | Noticed a greater mummy
 51468 | Tomb:1   | Noticed a greater mummy
 51547 | Tomb:1   | Killed a greater mummy
 51554 | Tomb:1   | Noticed a greater mummy
 51564 | Tomb:1   | Killed a greater mummy
 51570 | Tomb:1   | Killed a greater mummy
 51570 | Tomb:1   | Received a gift from Okawaru
 51730 | Tomb:1   | Noticed a greater mummy
 51747 | Tomb:1   | Killed a greater mummy
 51808 | Tomb:1   | Noticed a greater mummy
 51826 | Tomb:1   | Killed a greater mummy
 51826 | Tomb:1   | Received a gift from Okawaru
 51826 | Tomb:1   | Lost intelligence.
 51957 | Tomb:1   | Noticed a greater mummy
 51967 | Tomb:1   | Killed a greater mummy
 52037 | Tomb:1   | Noticed a greater mummy
 52066 | Tomb:1   | Killed a greater mummy
 52229 | Tomb:1   | Noticed a greater mummy
 52242 | Tomb:1   | Killed a greater mummy
 52242 | Tomb:1   | Received a gift from Okawaru
 52279 | Tomb:1   | Noticed a greater mummy
 52297 | Tomb:1   | Killed a greater mummy
 52306 | Tomb:1   | Noticed a greater mummy
 52317 | Tomb:1   | Killed a greater mummy
 52338 | Tomb:1   | Noticed a greater mummy
 52345 | Tomb:1   | Killed a greater mummy
 52345 | Tomb:1   | Received a gift from Okawaru
 52347 | Tomb:1   | Noticed a greater mummy
 52353 | Tomb:1   | Killed a greater mummy
 52353 | Tomb:1   | Reached skill level 15 in Evocations
 52441 | Tomb:2   | Lost intelligence.
 52717 | Tomb:3   | Entered Level 3 of the Tomb of the Ancients
 52768 | Tomb:3   | Noticed a greater mummy
 52796 | Tomb:3   | Noticed a greater mummy
 52799 | Tomb:3   | Noticed a greater mummy
 52928 | Tomb:3   | Noticed an ancient lich
 53045 | Tomb:2   | Killed a greater mummy
 53366 | Tomb:2   | Killed an ancient lich
 53401 | Tomb:2   | Killed a greater mummy
 53819 | Tomb:3   | Killed a greater mummy
 54119 | Tomb:3   | Received a gift from Okawaru
 54144 | Tomb:3   | Got a pair of faintly humming boots {god gift}
 54159 | Tomb:2   | Identified the +2 pair of boots of Resilience {MR- rCorr Int+3 Dex+2} (Okawaru gifted it to you on level 3 of the Tomb of the Ancients)
 54224 | Tomb:3   | Noticed an ancient lich
 54249 | Tomb:2   | Killed an ancient lich
 54289 | Tomb:3   | Noticed a greater mummy
 54304 | Tomb:3   | Killed a greater mummy
 54436 | Tomb:3   | Noticed a greater mummy
 54436 | Tomb:3   | Noticed a greater mummy
 54520 | Tomb:3   | Noticed a greater mummy
 54620 | Tomb:2   | Killed a greater mummy
 54674 | Tomb:2   | Killed a greater mummy
 54689 | Tomb:3   | Killed a greater mummy
 54790 | Tomb:3   | Got a golden rune of Zot
 55217 | Tomb:3   | Got a steaming great sword
 55218 | Tomb:3   | Identified the +8 great sword "Avvupnua" {drain, Dex+6} (You found it on level 3 of the Tomb of the Ancients)
 55244 | Tomb:3   | Identified a +0 rod of inaccuracy (11/11) (You found it on level 3 of the Tomb of the Ancients)
 55251 | Tomb:3   | Identified the Papyrus of Freezing Poisoning
 55252 | Tomb:3   | Identified the Volume of the Volcanoes and Boosts
 55259 | Tomb:3   | Got a polished arbalest
 55268 | Tomb:3   | Identified the Tome of Cloudy Snow
 55277 | Tomb:3   | Got a scorched morningstar
 55278 | Tomb:3   | Identified the +9 morningstar of Doowk {crush, rPois rN+ SInv} (You found it on level 3 of the Tomb of the Ancients)
 55723 | Tomb:1   | Noticed a greater mummy
 55734 | Tomb:1   | Killed a greater mummy
 56151 | Vaults:3 | Found Naanto's Magic Scroll Shop.
 56162 | Vaults:3 | Bought a scroll of blinking for 90 gold pieces
 57129 | Vaults:4 | Noticed Donald
 57135 | Vaults:4 | Killed Donald
 57285 | Vaults:4 | Noticed Saint Roka
 57305 | Vaults:4 | Killed Saint Roka
 57315 | Vaults:4 | Received a gift from Okawaru
 57520 | Vaults:4 | Noticed Mennas
 57527 | Vaults:4 | Killed Mennas
 58317 | Vaults:4 | Received a gift from Okawaru
 58560 | Vaults:5 | Entered Level 5 of the Vaults
 58737 | Vaults:5 | Got a heavily runed cloak
 58738 | Vaults:5 | Identified the +1 cloak of Midsummer {rElec MP-9 Dex+5 SInv} (You found it on level 5 of the Vaults)
 58846 | Vaults:5 | Reached skill level 15 in Invocations
 59034 | Vaults:5 | Got a steaming bone ring
 59035 | Vaults:5 | Identified the ring of Fatigue {rElec rC+ MR- SInv} (You took it off a deep elf annihilator on level 5 of the Vaults)
 59161 | Vaults:5 | Got a silver rune of Zot
 59327 | Vaults:5 | Received a gift from Okawaru
 59898 | Vaults:5 | Got a steaming war axe {chop}
 59899 | Vaults:5 | Identified the +7 war axe "Masoul Acos" {chop, rC+} (You took it off a tengu reaver on level 5 of the Vaults)
 60284 | Slime:1  | Entered Level 1 of the Pits of Slime
 60423 | Slime:2  | Gained mutation: You are frail. (-10% HP) [a shining eye]
 60514 | Slime:5  | Entered Level 5 of the Pits of Slime
 60516 | Slime:5  | Gained mutation: You are surrounded by a moderate repulsion field. (EV +3) [a shining eye]
 60528 | Slime:4  | Gained mutation: Armour fits poorly on your strangely shaped body. [a shining eye]
 60531 | Slime:4  | Gained mutation: You sometimes yell uncontrollably at your foes. [a shining eye]
 60543 | Slime:4  | Gained mutation: You frequently scream uncontrollably at your foes. [a shining eye]
 60674 | Slime:5  | Noticed the Royal Jelly
 60674 | Slime:5  | Found a viscous altar of Jiyva.
 60740 | Slime:5  | Killed the Royal Jelly
 61002 | Slime:4  | Received a gift from Okawaru
 61156 | Slime:5  | Lost mutation: Your spells are a little harder to cast, but a little more powerful. [a shining eye]
 61158 | Slime:5  | Gained mutation: Your magical capacity is low. (-10% MP) [a shining eye]
 61186 | Slime:5  | Got a slimy rune of Zot
 61195 | Slime:5  | Upgraded the game from 0.19-a0-1861-g35def1e to 0.19-a0-1886-gd64a0f0
 61242 | Slime:5  | Identified the Grimoire of Ice
 61320 | Slime:5  | Got a pair of crude boots
 61332 | Slime:5  | Identified the +2 pair of boots of the Desert {Str+3 Dex+2} (You found it on level 5 of the Pits of Slime)
 61334 | Slime:5  | Got an ancient golden amulet
 61335 | Slime:5  | Identified the amulet of Teeximyn {Harm *Drain rPois Str+3} (You found it on level 5 of the Pits of Slime)
 61354 | Slime:5  | Got a pitted triple sword
 61359 | Slime:5  | Identified Hean's Papyrus of Freezing Confrontation
 61386 | Slime:5  | Identified the cursed +1 triple sword of Shame {pain, rF++ Dex+5} (You found it on level 5 of the Pits of Slime)
 62226 | Lair:1   | Lost mutation: You frequently scream uncontrollably at your foes. [potion of cure mutation]
 62226 | Lair:1   | Lost mutation: You are dopey. (Int -2) [potion of cure mutation]
 62226 | Lair:1   | Lost mutation: You have sharp toenails. [potion of cure mutation]
 62226 | Lair:1   | Lost mutation: You sometimes yell uncontrollably at your foes. [potion of cure mutation]
 62226 | Lair:1   | Lost mutation: You are surrounded by a moderate repulsion field. (EV +3) [potion of cure mutation]
 62226 | Lair:1   | Lost mutation: You are weak. (Str -2) [potion of cure mutation]
 62227 | Lair:1   | Lost mutation: You are surrounded by a mild repulsion field. (EV +2) [potion of cure mutation]
 62227 | Lair:1   | Lost mutation: You occasionally shout uncontrollably at your foes. [potion of cure mutation]
 62227 | Lair:1   | Lost mutation: Your magical capacity is low. (-10% MP) [potion of cure mutation]
 62227 | Lair:1   | Lost mutation: Armour fits poorly on your strangely shaped body. [potion of cure mutation]
 62227 | Lair:1   | Lost mutation: You have a pair of large horns on your head. [potion of cure mutation]
 62227 | Lair:1   | Lost mutation: You are frail. (-10% HP) [potion of cure mutation]
 62716 | Elf:3    | Lost mutation: Your system is resistant to poisons. (rPois) [potion of cure mutation]
 62716 | Elf:3    | Lost mutation: Potions and wands are less effective at restoring your health. [potion of cure mutation]
 63036 | Hell     | Entered the Vestibule of Hell
 63036 | Hell     | Noticed Geryon
 63050 | Hell     | Gained mutation: Your spells are a little easier to cast, but a little less powerful. [a cacodemon]
 63071 | Hell     | Gained mutation: Your magical capacity is low. (-10% MP) [a cacodemon]
 63085 | Hell     | Gained mutation: You are clumsy. (Dex -2) [a cacodemon]
 63087 | Hell     | Killed Geryon
 63152 | Hell     | Found a gateway to the freezing wastes of Cocytus.
 63172 | Hell     | Received a gift from Okawaru
 63358 | Hell     | Found a gateway to the Iron City of Dis.
 63380 | Hell     | Found a gateway to the ashen valley of Gehenna.
 63482 | Hell     | Found a gateway to the decaying netherworld of Tartarus.
 63722 | D:11     | You paid a toll of the horn of Geryon to enter a treasure trove
 63723 | Trove    | Entered a treasure trove
 63728 | Trove    | Got a heavily runed wooden ring
 63730 | Trove    | Got a brightly glowing bronze ring
 63733 | Trove    | Got a bound wooden ring
 63739 | Trove    | Got a warped bone ring
 63743 | Trove    | Got a glittering lapis lazuli ring
 63745 | Trove    | Got a flickering zirconium amulet
 63749 | Trove    | Got a shimmering lead amulet
 63759 | Trove    | Got a flickering garnet amulet
 63766 | Trove    | Got a crude golden ring
 63771 | Trove    | Got an ancient garnet amulet
 63772 | Trove    | Identified the ring of Pyromania {rElec rN+ Int+4 Dex+2} (You found it in a treasure trove)
 63776 | Trove    | Identified the ring of Fragile Peace {rF+ MR+} (You found it in a treasure trove)
 63779 | Trove    | Identified the ring "Yzeprel" {rPois Int+3 Slay+3} (You found it in a treasure trove)
 63782 | Trove    | Identified the ring of Vesos {MP-9 Str+2 Dex+2 SInv} (You found it in a treasure trove)
 63785 | Trove    | Identified the ring of Adwok {rElec rPois MR+ Slay+6 Stlth+} (You found it in a treasure trove)
 63808 | D:11     | Identified the ring of Ecasisei {Dex+4 SInv} (You found it in a treasure trove)
 63813 | D:11     | Identified the amulet of Boipsajo {Harm *Drain rC+ rN+ MR++ Str+3} (You found it in a treasure trove)
 63814 | D:11     | Identified the amulet of Yhiust {Harm *Drain MR+} (You found it in a treasure trove)
 63815 | D:11     | Identified the amulet of Nuimmedduo {Faith SInv} (You found it in a treasure trove)
 63816 | D:11     | Identified the amulet "Xaar" {Gourm Slay+2} (You found it in a treasure trove)
 64028 | Coc:1    | Entered Level 1 of Cocytus
 65312 | Coc:7    | Entered Level 7 of Cocytus
 65410 | Coc:7    | Received a gift from Okawaru
 65930 | Coc:7    | Received a gift from Okawaru
 66014 | Coc:7    | Noticed kuzmorgo's ghost (legendary GrEE)
 66038 | Coc:7    | Killed kuzmorgo's ghost
 66130 | Coc:7    | Received a gift from Okawaru
 66134 | Coc:7    | Got an ancient hand crossbow {god gift}
 66135 | Coc:7    | Identified the +7 hand crossbow of Geiraixkui {penet, -Tele rC- Str+4 Int+7} (Okawaru gifted it to you on level 7 of Cocytus)
 66347 | Coc:7    | Noticed Antaeus
 66479 | Coc:7    | Killed Antaeus
 66505 | Coc:7    | Got an icy rune of Zot
 66515 | Coc:7    | Identified the Disquisition on Illusion
 66780 | Coc:7    | Received a gift from Okawaru
 66814 | Coc:7    | Got a faintly glowing hand crossbow {god gift}
 66815 | Coc:7    | Identified the +4 hand crossbow "Nuodeq" {velocity, rF- MP+9 Str+3} (Okawaru gifted it to you on level 7 of Cocytus)
 67534 | Dis:1    | Entered Level 1 of the Iron City of Dis
 68187 | Dis:3    | Received a gift from Okawaru
 68360 | Dis:3    | Received a gift from Okawaru
 69014 | Dis:6    | Received a gift from Okawaru
 69046 | Dis:6    | Killed from afar by a hellion

Vault maps used:
D:1:      dpeg_arrival_arbitrary_b
D:2:      kennysheep_slug_shrine, lemuel_doored_altar
D:4:      minmay_overflow_temple_star_quad, first_bread
D:5:      kennysheep_mini_moat, serial_shops, shop, uniq_pikel, uniq_menkaure
D:6:      nicolae_overflow_hidden_temple, kiku_gazebo_pond_becter, serial_shops,
          kennysheep_mini
D:8:      kennysheep_spiral_hall, marbit_many_paths,
          nicolae_overflow_crystal_walls, serial_shops, shop,
          kennysheep_little_box, shop
D:9:      uniq_erolcha, uniq_grum
D:10:     erik_lair_orcish_takeover, serial_shops, shop,
          hangedman_pestilent_swarm, minmay_statue_bubble
D:11:     cheibrodos_tormentor_scu, nicolae_trove_entry_columns,
          grunt_gozag_statues, uniq_harold
D:12:     minmay_orc_entry_guard_dogs, minmay_misc_feat_enclosed
D:13:     david_vaults_3, basic_altar, grunt_ministairs_5
D:14:     kennysheep_pointless_box, basic_loot_grate_trap
D:15:     grunt_enter_depths_magical_seal, grunt_decor_one_mirror
Temple:   minmay_temple_curvy_loop
Lair:1:   pond, grunt_megastairs_1, serial_bayou_shore_a
Lair:2:   grunt_megastairs_2, uniq_nergalle
Lair:3:   minmay_swamp_entry_wisps, spider_nest_entry_rubble, uniq_sonja,
          uniq_urug, uniq_gastronok
Lair:5:   grunt_megastairs_5
Lair:6:   evil_forest, minmay_slime_entry_jelly_boxes, serial_bayou_pond_c,
          infiniplex_staircase_pool_2
Swamp:1:  nicolae_swamp_fairy_circle, cheibrodos_swamp_minitomb, uniq_roxanne
Swamp:2:  serial_swamp_ruin, evilmike_swamp_ruin_house_5,
          evilmike_swamp_ruin_house_3
Swamp:3:  evilmike_swamp_ruin_house_2
Swamp:4:  swamp_icy, infiniplex_staircase_pool
Spider:1: special_room, minivault_29
Spider:2: portal_ice_cave_entry_pillars_1, spider_trap,
          nicolae_spider_cling_ruins
Spider:3: spider_trap
Spider:4: guppyfry_spider_rune, nicolae_arachne_temple
Orc:2:    grunt_orc_gardens, grunt_orc_garden, grunt_orc_garden,
          grunt_orc_garden, grunt_orc_garden
Elf:1:    elf_arrival_001, serial_shops, shop, evilmike_minifort
Elf:2:    basic_altar, spider_trap
Elf:3:    elf_hall, nicolae_elf_big_sculpture_1, uniq_louise, uniq_jorgrun
Vaults:1: vaults_room_corners, vaults_room_mumra_shop_pool, v_misc_11,
          nicolae_vaults_network_square, vaults_room_corners,
          nicolae_vaults_asterisk, nicolae_vaults_quartermaster,
          ontoclasm_vaults_chip, vaults_room_door_hall
Vaults:2: ontoclasm_vaults_gateway, st_lattice,
          ontoclasm_vaults_decontamination, minmay_crypt_entry_skeletal_spiral,
          v_pattern_4, vaults_dpeg_spiral, hangedman_vaults_impose, v_misc_28,
          v_alt_pattern_1, uniq_nikola
Vaults:3: v_misc_22, vaults_room_stairs_pillars, nicolae_vaults_sealed_display,
          vaults_dpeg_hooks, nicolae_vaults_three_branches,
          nicolae_vaults_little_squares_3, serial_shops, shop
Vaults:4: v_misc_26, hangedman_vaults_capsules, v_alt_pattern_3,
          nicolae_vaults_stairing_the_circle, nicolae_vaults_puzzle_piece,
          st_squares, nicolae_vaults_asterisk, vaults_room_fours,
          ontoclasm_vaults_ring_small, v_misc_25, v_pattern_1,
          vaults_room_pools, uniq_donald, uniq_saint_roka, uniq_mennas
Crypt:1:  grunt_crypt_arrival_guarded_gate, uniq_mara
Crypt:3:  david_glass_crypt, nicolae_tomb_entry_grand_gallery
Depths:1: grunt_hell_entry_dis_mu, minmay_crystal_water, nicolae_wwwww,
          kennysheep_path_1, kennysheep_flooded_box, minivault_11,
          ashenzari_altar_1
Depths:2: minmay_crescents, rand_demon_pan_entry_1, abyss_entry_crystal,
          hangedman_coc_ice_floe, solitary_fountain, minmay_misc_feat_roman
Depths:3: minmay_spriggan_fort, grunt_pan_entry_zigzag, serial_glass,
          glass_columns_a, glass_columns_a, hell_entry, uniq_xtahua
Depths:4: grunt_deathspiral_small, enter_ziggurat_b,
          hangedman_decor_peaks_small, abyss_entry, hell_entry
Depths:5: grunt_zot_entry_pinwheel, hellmouth_3, minmay_misc_feat_rugged,
          abyss_entry, uniq_jory
Dis:3:    hangedman_dis_decor_tower, nicolae_dis_hell_towers
Dis:5:    hangedman_iron_city_apartments, hangedman_dis_decor_blocks_crown
Dis:6:    hangedman_dis_chains, grunt_megastairs_4
Coc:7:    coc_old
Zot:4:    bh_zot_lava_cross
Zot:5:    hangedman_zot_decor_checkerboard, grunt_megastairs_3,
          basic_stair_grate_trap
Abyss:2:  evilmike_abyss_exit_8
Abyss:3:  minivault_19, evilmike_abyss_rune_ettins, evilmike_abyss_exit_4,
          hangedman_abyss_sting
Trove:    trove_jewel_2
IceCv:    ice_cave_tombish

Skill      XL: |  1  2  3  4  5  6  7  8  9 10 11 12 13 14 15 16 17 18 19 20 21 22 23 24 25 26 27 |
---------------+----------------------------------------------------------------------------------+-----
Long Blades    | 3 4 5 6 7 9 11 14 16 17 18 19 21 22 | 22.0
Armour         | 4 5 9 10 12 15 17 18 19 20 22 25 | 25.1
Dodging        | 4 9 12 14 17 20 22 | 22.0
Fighting       | 7 10 14 15 18 22 23 24 27 | 27.0
Invocations    | 4 5 7 9 10 13 17 | 17.0
Crossbows      | 5 7 16 | 16.1
Evocations     | 5 12 13 26 | 26.8
Shields        | 16 22 | 22.0

Action                   |  1- 3 |  4- 6 |  7- 9 | 10-12 | 13-15 | 16-18 | 19-21 | 22-24 | 25-27 || total
-------------------------+-------+-------+-------+-------+-------+-------+-------+-------+-------++-------
Melee: Long sword        |    57 |    88 |   118 |       |       |       |       |       |       ||   263
       Headbutt          |     5 |    14 |    42 |   137 |   311 |   481 |   380 |   562 |  2143 ||  4075
       Great sword       |       |       |    81 |   509 |   989 |   106 |       |       |    13 ||  1698
       Scimitar          |       |       |       |       |    17 |  1211 |   965 |  1324 |  4838 ||  8355
       Triple sword      |       |       |       |       |    23 |     6 |       |       |       ||    29
       Punch             |       |       |       |       |       |       |       |     2 |     5 ||     7
 Fire: Blowgun           |       |     3 |       |       |       |       |       |       |       ||     3
       Shortbow          |       |       |     2 |       |       |       |       |       |       ||     2
       Arbalest          |       |       |       |       |    22 |    43 |       |       |       ||    65
Invok: Heroism           |       |       |     3 |     4 |     3 |     1 |     4 |     5 |    22 ||    42
       Finesse           |       |       |       |     2 |       |       |       |     2 |     5 ||     9
 Abil: Evoke Flight      |       |       |       |       |     1 |     3 |       |       |     5 ||     9
       Evoke Blink       |       |       |       |       |       |       |     5 |       |    10 ||    15
Evoke: Wand              |       |       |       |     2 |       |     2 |       |       |     1 ||     5
       Rod               |       |       |       |       |       |     1 |       |       |       ||     1
       Fan of gales      |       |       |       |       |       |       |       |       |     1 ||     1
       Disc of storms    |       |       |       |       |       |       |       |       |     1 ||     1
       Figurine of a zig |       |       |       |       |       |       |       |       |     1 ||     1
  Use: Potion            |       |       |       |     4 |     6 |     3 |     1 |       |    16 ||    30
       Scroll            |       |       |       |    16 |     9 |     9 |     2 |     3 |    26 ||    65
 Stab: Distracted        |       |       |       |       |     1 |       |       |       |     1 ||     2
       Held in net/web   |       |       |       |       |     1 |       |       |       |       ||     1
       Petrified         |       |       |       |       |       |       |     2 |       |       ||     2
  Eat: Chunk             |       |     7 |     9 |    20 |    18 |    32 |    23 |    25 |    47 ||   181
       Pizza             |       |       |       |       |     2 |     1 |       |       |     3 ||     6
       Beef jerky        |       |       |       |       |       |     1 |       |       |     9 ||    10
       Fruit             |       |       |       |       |       |       |       |       |    11 ||    11
       Royal jelly       |       |       |       |       |       |       |       |       |    12 ||    12
Armor: Scale mail        |     4 |     2 |    74 |       |       |       |       |       |       ||    80
       Ring mail         |    26 |    22 |       |       |       |       |       |       |       ||    48
       Chain mail        |       |       |       |    52 |       |       |       |       |       ||    52
       Pearl dragon scal |       |       |       |   168 |    41 |       |       |       |       ||   209
       Crystal plate arm |       |       |       |    17 |   536 |   615 |   361 |   515 |   987 ||  3031
Dodge: Dodged            |    31 |    49 |   184 |   539 |   872 |  1349 |   893 |  1198 |  2371 ||  7486
Block: Shield            |     1 |       |       |       |       |       |       |       |       ||     1
       Other             |       |       |       |     2 |   173 |   216 |    49 |       |       ||   440
       Reflection        |       |       |       |       |       |     9 |     6 |       |       ||    15
       Large shield      |       |       |       |       |       |       |       |       |  4938 ||  4938
       Rpst.: Long sword |     7 |    11 |    24 |       |       |       |       |       |       ||    42
       Great sword       |       |       |    12 |   115 |   170 |    56 |       |       |     3 ||   356
       Triple sword      |       |       |       |       |     2 |     1 |       |       |       ||     3
       Scimitar          |       |       |       |       |     1 |   199 |   150 |   212 |   436 ||   998
